 Dungeon Crawl Stone Soup version 0.21.1-1-g345015fe64 (webtiles) character file.

79 Peloso the Skirmisher (level 4, 0/35 HPs)
             Began as a Demonspawn Fighter on May 13, 2018.
             Slain by a hornet zombie (1 damage)
             ... on level 3 of the Dungeon.
             The game lasted 00:02:52 (1398 turns).

Peloso the Skirmisher (Demonspawn Fighter)          Turns: 1398, Time: 00:02:53

Health: 0/35       AC: 12    Str: 17    XL:     4   Next: 17%
Magic:  4/4        EV:  4    Int:  9    God:
Gold:   145        SH:  9    Dex: 13    Spells: 3/3 levels left

rFire    + . .     SeeInvis .   a - +0 long sword
rCold    . . .     Gourm    .   c - +0 shield
rNeg     . . .     Faith    .   l - +0 chain mail
rPois    .         Spirit   .   (no helmet)
rElec    .         Reflect  .   (no cloak)
rCorr    .         Harm     .   (no gloves)
MR       .....                  (no boots)
Stlth    ..........             (no amulet)
HPRegen  0.11/turn              g - +1 ring of protection
MPRegen  0.09/turn              i - ring of wizardry

@: no status effects
A: thin metallic scales 1, fire resistance 1
a: no special abilities


You were on level 3 of the Dungeon.
You were near starving.

You visited 1 branch of the dungeon, and saw 3 of its levels.

You collected 145 gold pieces.

Inventory:

Hand Weapons
 a - a +0 long sword (weapon)
Armour
 c - a +0 shield (worn)
 l - a +0 chain mail (worn)
Jewellery
 g - a +1 ring of protection (left hand)
 i - a ring of wizardry (right hand)
Scrolls
 b - 2 scrolls of identify {unknown}
 e - 4 scrolls of remove curse {unknown}
 h - a scroll of teleportation {unknown}
 k - a scroll of immolation {unknown}
 m - a scroll of fear {unknown}
 n - 2 scrolls of enchant weapon {unknown}
 o - a scroll of random uselessness {unknown}
Potions
 d - a potion of might
 j - a potion of degeneration {unknown}
 p - a potion of lignification {unknown}
Comestibles
 f - 4 rations


   Skills:
 + Level 3.4 Fighting
 + Level 2.6 Long Blades
 + Level 3.2 Armour
 + Level 0.4 Dodging
 + Level 0.2 Stealth
 + Level 3.1 Shields


You had 3 spell levels left.
You didn't know any spells.

Dungeon Overview and Level Annotations

Branches:
Dungeon (3/15)

Altars:
Gozag
Zin


Innate Abilities, Weirdness & Mutations

You are partially covered in thin metallic scales. (AC +2)
Your flesh is heat resistant. (rF+)


Message History

The hornet zombie hits you.
You hit the hornet zombie but do no damage.
The hornet zombie is lightly damaged.
You block the hornet zombie's attack.
You closely miss the hornet zombie.
The hornet zombie is lightly damaged.
The hornet zombie barely misses you. You block the hornet zombie's attack.
You hit the hornet zombie but do no damage.
The hornet zombie is lightly damaged.
The hornet zombie hits you. The hornet zombie hits you!
* * * LOW HITPOINT WARNING * * *
You hit the hornet zombie.
The hornet zombie is lightly damaged.
The hornet zombie hits you but does no damage.
The hornet zombie hits you.
* * * LOW HITPOINT WARNING * * *
Your shield and chain mail prevent you from hitting the hornet zombie.
The hornet zombie is lightly damaged.
You block the hornet zombie's attack. The hornet zombie hits you.
You die...

..
#.#########
..........#
..........#
........Z.+
.........@#
..........#
........รท.#
..........#
..........#
..........#
..........#
.>........#
...).$....#


You could see a hornet zombie.

Vanquished Creatures
  Terence (D:2)
  An ooze (D:1)
  3 dart slugs (D:1)
  A leopard gecko (D:1)
  An orc (D:2)
  A giant cockroach (D:3)
  3 goblins
  4 hobgoblins
  6 jackals
  A quokka (D:2)
  4 bats
  2 frilled lizards
  5 kobolds
  7 rats
40 creatures vanquished.

Notes
Turn   | Place    | Note
-------+----------+-------------------------------------------
     0 | D:1      | Peloso the Demonspawn Fighter began the quest for the Orb.
     0 | D:1      | Reached XP level 1. HP: 18/18 MP: 1/1
    84 | D:1      | Gained mutation: You are partially covered in thin metallic scales. (AC +2) [demonic ancestry]
    84 | D:1      | Reached XP level 2. HP: 21/24 MP: 2/2
   551 | D:2      | Gained mutation: Your flesh is heat resistant. (rF+) [demonic ancestry]
   551 | D:2      | Reached XP level 3. HP: 29/29 MP: 3/3
   567 | D:2      | Found a faded altar of an unknown god.
   650 | D:2      | Found a glowing silver altar of Zin.
   650 | D:2      | Found an opulent altar of Gozag.
   650 | D:2      | Noticed Terence
   658 | D:2      | Killed Terence
   867 | D:2      | Reached XP level 4. HP: 35/35 MP: 4/4
  1397 | D:3      | HP: 1/35 [hornet zombie (5)]
  1398 | D:3      | Slain by a hornet zombie

Skill      XL: |  1  2  3 |
---------------+----------+-----
Long Blades    | 2 |  2.6
Armour         | 3 |  3.2
Shields        | 3 |  3.1
Fighting       | |  3.4
Dodging        | |  0.4
Stealth        | |  0.2

Action                   |  1- 3 |  4- 6 || total
-------------------------+-------+-------++-------
Melee: Long sword        |    98 |    53 ||   151
Armor: Scale mail        |    40 |       ||    40
       Chain mail        |    30 |    55 ||    85
Dodge: Dodged            |    26 |    22 ||    48
Block: Shield            |    48 |    36 ||    84
       Rpst.: Long sword |     7 |     8 ||    15
